 Dungeon Crawl Stone Soup version 0.17.0-7-gfadd4cc (console) character file.

6233 gw the Cleaver (level 10, -7/96 HPs)
             Began as a Deep Dwarf Gladiator on Nov 9, 2015.
             Mangled by an orc warrior
             ... wielding a +0 trident
              (9 damage)
             ... on level 9 of the Dungeon.
             The game lasted 00:12:03 (7208 turns).

gw the Cleaver (Deep Dwarf Gladiator)               Turns: 7208, Time: 00:12:03

Health: -7/96      AC: 18    Str: 19    XL:     10   Next: 62%
Magic:  0/0        EV:  8    Int:  9    God:
Gold:   541        SH:  0    Dex: 16    Spells: 0 memorised, 9 levels left

rFire  . . .     SeeInvis .     a - +3 battleaxe (freeze) (curse)
rCold  . . .     Clarity  .     k - +0 plate armour {rN+}
rNeg   + + .     SustAt   .     (shield currently unavailable)
rPois  .         Gourm    .     c - +0 helmet
rElec  .         Spirit   .     h - +0 cloak
rCorr  .         Warding  +     g - +0 pair of gloves
rMut   .         Stasis   .     (no boots)
MR     +....                    i - amulet of warding
Stlth  ..........               (no ring)
                                (no ring)

@: non-regenerating, somewhat resistant to hostile enchantments, extremely
unstealthy
A: damage resistance, recharge devices, sense surroundings 2, slow regeneration
3
a: Device Recharging


You were on level 9 of the Dungeon.
You were not hungry.

You visited 2 branches of the dungeon, and saw 10 of its levels.

You collected 541 gold pieces.

Inventory:

Hand Weapons
 a - a cursed +3 battleaxe of freezing (weapon)
Missiles
 d - 3 throwing nets
 j - 21 bolts
Armour
 c - a +0 helmet (worn)
 g - a +0 pair of gloves (worn)
 h - a +0 cloak (worn)
 k - a +0 plate armour of positive energy (worn)
Jewellery
 i - an amulet of warding (around neck)
Wands
 e - a wand of heal wounds (0)
Comestibles
 f - 9 bread rations


   Skills:
 + Level 7.8 Fighting
 * Level 12.4 Axes
 - Level 1.7 Throwing
 + Level 8.9 Armour
 - Level 3.2 Dodging


You had 9 spell levels left.
You didn't know any spells.

Dungeon Overview and Level Annotations

Branches:
Dungeon (9/15)             Temple (1/1) D:6
   Lair: D:8-11         Orc: D:9-12

Altars:
Ashenzari
Cheibriados
Dithmenos
Elyvilon
Fedhas
Gozag
Kikubaaqudgha
Nemelex Xobeh
Okawaru
Qazlal
Ru
Sif Muna
Trog
Vehumet
Xom
Yredelemnul
Zin
The Shining One

Annotations:
D:9 Prince Ribbit


Innate Abilities, Weirdness & Mutations

You are resistant to damage.
You can recharge devices by infusing magical energy.
You passively map the area around you.
You do not regenerate naturally.


Message History

Unknown command.
Unknown command.
ATTACK MOVE TO (-1,0)
The yak bellows!
You slash the yak! You freeze the yak.
The yak is heavily wounded.
You hit the orc warrior. You freeze the orc warrior.
The orc warrior is almost dead.
The orc warrior barely misses you.
The yak moves out of view. 2 yaks come into view.
Unknown command.
Unknown command.
Unknown command.
Unknown command.
MOVING TO (-7,1)
A yak comes into view.
The yak bellows! x3
The yak gores you.
The orc warrior hits you from afar with a trident!
You die...

* , ,
...#......#.#####.. ,, ,
,,,###.....%###.... , ,
, #.......#...... * .* *
#.............. YY ,
#.............. ,.Y.# *
##%............ *
#.Y.#####......)#......
* *
#...#.o..../.).%..../ ,
, #.YYg.#.......#......
, ,
.....###Y.......##......
,,.## *
###.....###...... ,, *
##..### ....... , **, *
##..# ####### , ,* #..#
, * * ,* ..# , , #, , *
, ,,, *, * ,


You could see 7 yaks and an orc warrior.

Table legend:
 A = Turns spent in this place as a percentage of turns spent in the entire game.
 B = Non-inter-level travel turns spent in this place as a percentage of non-inter-level travel turns spent in the entire game.
 C = Inter-level travel turns spent in this place as a percentage of turns spent in this place.
 D = Turns resting spent in this place as a percentage of non-inter-level travel turns spent in this place.
 E = Turns spent auto-exploring this place as a percentage of non-inter-level travel turns spent in this place.
 F = Non-inter-level travel turns spent in this place divided by the number of levels of this place that you've seen.
                   A       B       C       D       E      F
               +-------+-------+-------+-------+-------+----------------------
         Total | 100.0 | 100.0 |   0.5 |   0.0 |   2.2 | 1675.5
       Dungeon |  98.7 |  98.7 |   0.5 |   0.0 |   2.2 | 1837.6
        Temple |   1.3 |   1.3 |   0.5 |   0.0 |   5.5 | 217.0
               +-------+-------+-------+-------+-------+----------------------

Table legend:
 A = Kills in this place as a percentage of kills in entire the game.
 B = Kills by you in this place as a percentage of kills by you in the entire game.
 C = Kills by friends in this place as a percentage of kills by friends in the entire game.
 D = Other kills in this place as a percentage of other kills in the entire game.
 E = Experience gained in this place as a percentage of experience gained in the entire game.
 F = Experience gained in this place divided by the number of levels of this place that you have seen.
                   A       B       C       D       E      F
               +-------+-------+-------+-------+-------+----------------------
         Total | 100.0 | 100.0 |  -nan |  -nan | 100.0 | 890.5
       Dungeon | 100.0 | 100.0 |  -nan |  -nan | 100.0 | 989.4
               +-------+-------+-------+-------+-------+----------------------

Vanquished Creatures
  Pikel (D:7)
  The ghost of MrDespairSA the Basher, a novice OgBe of Trog (D:5)
  Psyche (D:8)
  Sigmund (D:4)
  2 wyverns (D:8)
  Edmund (D:5)
  Duvessa (D:7)
  3 orc warriors
  A phantom (D:7)
  2 black bears (D:7)
  4 centaurs
  2 slaves (D:7)
  4 ogres
  2 sky beasts (D:7)
  2 big kobolds (D:8)
  2 crocodiles (D:9)
  The ghost of lakren the Magician, an amateur DEWz (D:3)
  Blork the orc (D:5)
  4 giant frogs
  Dowan (D:7)
  3 scorpions
  10 killer bees
  9 wights
  A hound (D:7)
  3 crimson imps
  A centaur zombie (D:5)
  An iron imp (D:5)
  4 orc priests
  9 orc wizards
  5 worker ants
  Crazy Yiuf (D:3)
  Ijyb (D:2)
  4 jellies
  Jessica (D:3)
  Terence (D:2)
  A hound zombie (D:6)
  2 worker ant zombies
  12 adders
  10 gnolls (D:6)
  2 shadow imps (D:6)
  3 oozes
  3 worms
  5 giant geckos
  26 orcs
  4 ball pythons
  4 bats
  2 giant cockroaches (D:6)
  5 goblins
  5 hobgoblins
  15 jackals
  16 kobolds
  8 quokkas
  9 giant newts
  2 goblin skeletons (D:4)
  2 goblin zombies (D:4)
  2 hobgoblin zombies (D:4)
  3 kobold skeletons (D:4)
  A kobold zombie (D:4)
  An orc skeleton (D:4)
  An orc zombie (D:4)
  10 rats
245 creatures vanquished.

Vanquished Creatures (others)
  5 sheep (D:5)
  2 fungi (D:9)
  2 plants (D:9)
9 creatures vanquished.

Grand Total: 254 creatures vanquished

Notes
Turn   | Place    | Note
--------------------------------------------------------------
     0 | D:1      | gw the Deep Dwarf Gladiator began the quest for the Orb.
     0 | D:1      | Reached XP level 1. HP: 19/19 MP: 1/1
   253 | D:1      | Reached XP level 2. HP: 20/26 MP: 2/2
   909 | D:2      | Reached skill level 1 in Armour
   909 | D:2      | Reached XP level 3. HP: 19/33 MP: 3/3
   949 | D:2      | Noticed Ijyb
   975 | D:2      | Killed Ijyb
   975 | D:2      | Reached skill level 4 in Axes
  1106 | D:2      | Reached XP level 4. HP: 20/40 MP: 4/4
  1108 | D:2      | Found a blossoming altar of Fedhas.
  1622 | D:2      | Noticed Terence
  1631 | D:2      | Killed Terence
  1802 | D:3      | Noticed Jessica
  1808 | D:3      | Killed Jessica
  1808 | D:3      | Reached XP level 5. HP: 25/49 MP: 5/5
  1856 | D:3      | Reached skill level 5 in Axes
  2175 | D:3      | Noticed Crazy Yiuf
  2185 | D:3      | Paralysed by Crazy Yiuf for 2 turns
  2194 | D:3      | Killed Crazy Yiuf
  2295 | D:3      | Noticed lakren's ghost (amateur DEWz)
  2311 | D:3      | Killed lakren's ghost
  2311 | D:3      | Reached XP level 6. HP: 41/56 MP: 6/6
  2434 | D:3      | Found an ancient bone altar of Kikubaaqudgha.
  2435 | D:3      | Found a radiant altar of Vehumet.
  2536 | D:4      | Found a glowing golden altar of the Shining One.
  2537 | D:4      | Noticed Sigmund
  2610 | D:4      | Killed Sigmund
  2610 | D:4      | Reached skill level 6 in Axes
  2610 | D:4      | Reached XP level 7. HP: 32/64 MP: 6/6
  3239 | D:5      | Entered Level 5 of the Dungeon
  3303 | D:5      | Noticed Blork the orc
  3308 | D:5      | Noticed Edmund
  3329 | D:5      | Reached skill level 7 in Axes
  3338 | D:5      | Killed Blork the orc
  3351 | D:5      | Killed Edmund
  3470 | D:5      | Reached skill level 5 in Armour
  3496 | D:5      | Reached XP level 8. HP: 40/73 MP: 7/7
  3633 | D:5      | Reached skill level 8 in Axes
  3648 | D:5      | Noticed MrDespairSA's ghost (novice OgBe)
  3674 | D:5      | Killed MrDespairSA's ghost
  3674 | D:5      | Reached skill level 5 in Fighting
  3881 | D:5      | Found a shimmering altar of Xom.
  3960 | D:5      | Found a snail-covered altar of Cheibriados.
  3973 | D:5      | Reached skill level 9 in Axes
  4367 | D:6      | Found a staircase to the Ecumenical Temple.
  4374 | Temple   | Entered the Ecumenical Temple
  4617 | D:6      | Gained mutation: You passively map the area around you. [Deep Dwarf growth]
  4617 | D:6      | Reached XP level 9. HP: 56/82 MP: 5/5
  5159 | D:6      | Found an iron altar of Okawaru.
  5174 | D:6      | Reached skill level 10 in Axes
  5753 | D:7      | Reached skill level 11 in Axes
  5761 | D:7      | Noticed Dowan
  5763 | D:7      | Noticed Duvessa
  5769 | D:7      | Killed Duvessa
  5772 | D:7      | Killed Dowan
  5910 | D:7      | Noticed Pikel
  5932 | D:7      | Killed Pikel
  5932 | D:7      | Reached XP level 10. HP: 49/94 MP: 5/5
  6163 | D:7      | Found a glowing silver altar of Zin.
  6696 | D:8      | Noticed Psyche
  6725 | D:8      | Killed Psyche
  6725 | D:8      | Reached skill level 12 in Axes
  7122 | D:9      | Noticed Prince Ribbit
  7206 | D:9      | HP: 3/96 [orc warrior/trident (7)]
  7208 | D:9      | Mangled by an orc warrior

Action                   |  1- 3 |  4- 6 |  7- 9 | 10-12 || total
-------------------------+-------+-------+-------+-------++-------
Melee: War axe           |    85 |   182 |   331 |       ||   598
       Battleaxe         |       |       |   145 |   148 ||   293
 Abil: Device Recharging |       |     1 |     4 |     5 ||    10
Evoke: Wand              |       |     7 |    15 |    27 ||    49
 Stab: Distracted        |       |       |     1 |       ||     1
  Eat: Chunk             |     1 |     5 |    13 |     4 ||    23

Vault maps used:
D:1:      minmay_arrival_up_and_down
D:2:      fedhas_altar_2, uniq_iyjb, uniq_terence
D:3:      gammafunk_temple_overflow_statue, grunt_ministairs_8, uniq_jessica,
          uniq_crazy_yiuf_cottage
D:4:      nicolae_overflow_hidden_temple, nicolae_tso_besieged_by_evil,
          uniq_sigmund
D:5:      slow_altar_2, kb_xom_exploding_sheep, first_bread, uniq_blork_the_orc,
          uniq_edmund
D:6:      okawaru_metal_pillars_1_2
D:7:      minmay_klotski, lemuel_crystal_altar, uniq_pikel, uniq_duvessa
D:8:      minmay_door_square, uniq_psyche
D:9:      grunt_lair_entry_elf_guard_hut, kennysheep_generic_room_6,
          uniq_prince_ribbit1
Temple:   roderic_octagonal_lattice_temple
